 Dungeon Crawl Stone Soup version 0.17.0-18-gaab0e96 (console) character file.

29 gw the Magician (level 3, -2/20 HPs)
             Began as a Deep Elf Fire Elementalist on Nov 11, 2015.
             Slain by a quokka (3 damage)
             ... on level 2 of the Dungeon.
             The game lasted 00:01:52 (1425 turns).

gw the Magician (Deep Elf Fire Elementalist)        Turns: 1425, Time: 00:01:52

Health: -2/20      AC:  2    Str:  5    XL:     3   Next: 1%
Magic:  1/10       EV: 13    Int: 20    God:
Gold:   97         SH:  0    Dex: 15    Spells: 2 memorised, 6 levels left

rFire  . . .     SeeInvis .     (no weapon)
rCold  . . .     Clarity  .     a - +0 robe
rNeg   . . .     SustAt   .     (no shield)
rPois  .         Gourm    .     (no helmet)
rElec  .         Spirit   .     (no cloak)
rCorr  .         Warding  .     (no gloves)
rMut   .         Stasis   .     (no boots)
MR     .....                    (no amulet)
Stlth  ++........               (no ring)
                                (no ring)

@: not resistant to hostile enchantments, unstealthy
A: no striking features
a: no special abilities


You were on level 2 of the Dungeon.
You were not hungry.

You visited 1 branch of the dungeon, and saw 2 of its levels.

You collected 97 gold pieces.

Inventory:

Armour
 a - a +0 robe (worn)
Books
 b - a book of Flames

   Spells                             Type                      Level
   a - Flame Tongue                   Conjuration/Fire             1
   b - Throw Flame                    Conjuration/Fire             2
   c - Conjure Flame                  Conjuration/Fire             3
   d - Inner Flame                    Hexes/Fire                   3
   e - Sticky Flame                   Conjuration/Fire             4
   f - Fireball                       Conjuration/Fire             5
Comestibles
 c - 3 bread rations


   Skills:
 + Level 0.7 Fighting
 + Level 0.7 Armour
 - Level 2.4 Dodging
 - Level 2.4 Stealth
 + Level 3.7 Spellcasting
 - Level 1.1 Conjurations
 * Level 3.6 Fire Magic


You had 6 spell levels left.
You knew the following spells:

 Your Spells              Type           Power        Failure   Level  Hunger
a - Flame Tongue          Conj/Fire      ##...        6%          1    None
b - Throw Flame           Conj/Fire      ##....       10%         2    ##.....


Dungeon Overview and Level Annotations

Branches:
Dungeon (2/15)

Altars:


Message History

Unknown command.
Unknown command.
Unknown command.
Fight failed; Making a random move The quokka bites you but does no damage.
The worm closely misses you. The quokka closely misses you.
Unknown command.
Unknown command.
Unknown command.
MOVING TO (5,7) Unknown command.
Unknown command.
Unknown command.
MOVING TO (4,6) Unknown command.
Unknown command.
Unknown command.
MOVING TO (3,5)
The quokka bites you.
You die...

#..........#
#.........##
#####.....#
...........##+##
######....)....#
#......w..#
#.....$...#
#####..Jr.#
#....e# #.....#
#........
#........
#.....$...
#..........
#...........
#......$.....


You could see a worm, an ooze and a quokka.

Table legend:
 A = Turns spent in this place as a percentage of turns spent in the entire game.
 B = Non-inter-level travel turns spent in this place as a percentage of non-inter-level travel turns spent in the entire game.
 C = Inter-level travel turns spent in this place as a percentage of turns spent in this place.
 D = Turns resting spent in this place as a percentage of non-inter-level travel turns spent in this place.
 E = Turns spent auto-exploring this place as a percentage of non-inter-level travel turns spent in this place.
 F = Non-inter-level travel turns spent in this place divided by the number of levels of this place that you've seen.
                   A       B       C       D       E      F
               +-------+-------+-------+-------+-------+----------------------
         Total | 100.0 | 100.0 |   0.4 |   2.3 |   2.6 | 1238.5
       Dungeon | 100.0 | 100.0 |   0.4 |   2.3 |   2.6 | 1238.5
               +-------+-------+-------+-------+-------+----------------------

Table legend:
 A = Kills in this place as a percentage of kills in entire the game.
 B = Kills by you in this place as a percentage of kills by you in the entire game.
 C = Kills by friends in this place as a percentage of kills by friends in the entire game.
 D = Other kills in this place as a percentage of other kills in the entire game.
 E = Experience gained in this place as a percentage of experience gained in the entire game.
 F = Experience gained in this place divided by the number of levels of this place that you have seen.
                   A       B       C       D       E      F
               +-------+-------+-------+-------+-------+----------------------
         Total | 100.0 | 100.0 |  -nan |  -nan | 100.0 |  21.0
       Dungeon | 100.0 | 100.0 |  -nan |  -nan | 100.0 |  21.0
               +-------+-------+-------+-------+-------+----------------------

Vanquished Creatures
  5 bats (D:1)
  3 giant cockroaches
  2 goblins
  3 hobgoblins (D:2)
  4 jackals (D:1)
  A quokka (D:2)
  2 giant newts (D:1)
  4 kobolds
  A rat (D:1)
25 creatures vanquished.

Notes
Turn   | Place    | Note
--------------------------------------------------------------
     0 | D:1      | gw the Deep Elf Fire Elementalist began the quest for the Orb.
     0 | D:1      | Reached XP level 1. HP: 10/10 MP: 6/6
   602 | D:1      | Reached XP level 2. HP: 15/15 MP: 6/8
   624 | D:1      | Learned a level 2 spell: Throw Flame
  1414 | D:2      | Reached XP level 3. HP: 8/20 MP: 7/10
  1421 | D:2      | HP: 1/20 [quokka (2)]
  1425 | D:2      | Slain by a quokka

Action                   || total
-------------------------++-------
 Cast: Flame Tongue      ||    31
       Throw Flame       ||    13
  Eat: Chunk             ||     2

Vault maps used:
D:1:      arrival_zaba_pyramid
D:2:      first_bread
